 Dungeon Crawl Stone Soup version 0.31.0-32-g396128a36d (webtiles) character file.

Game seed: 14007824680031216597

219 PaiMei the Grave Robber (level 5, 0/35 HPs)
             Began as a Demonspawn Necromancer on Apr 5, 2024.
             Slain by a hound (1 damage)
             ... on level 5 of the Dungeon.
             The game lasted 00:04:49 (3093 turns).

PaiMei the Grave Robber (Demonspawn Necromancer)    Turns: 3093, Time: 00:04:50

Health: 0/35       AC:  2    Str:  9    XL:     5   Next: 63%
Magic:  6/9        EV: 12    Int: 17    God:
Gold:   186        SH:  0    Dex: 13    Spells: 9/10 levels left

rFire   . . .        m - +0 mace
rCold   . . .        (no shield)
rNeg    . . .        a - +0 robe
rPois   .            (no helmet)
rElec   .            (no cloak)
rCorr   .            (no gloves)
SInv    .            (no boots)
Will    .....        (no amulet)
Stlth   ++           (no ring)
HPRegen 0.25/turn    (no ring)
MPRegen 0.22/turn

%: no passive effects
@: no status effects
A: magic regeneration, demonic magic 1
a: no special abilities


You were on level 5 of the Dungeon.
You visited 1 branch of the dungeon, and saw 5 of its levels.

You collected 186 gold pieces.

Inventory:

Hand Weapons
 g - a +0 whip
 m - a +0 mace (weapon)
Missiles
 j - 5 curare-tipped darts (quivered)
 k - 4 atropa-tipped darts
Armour
 a - a +0 robe (worn)
Jewellery
 r - a ring of protection from fire
Wands
 s - a wand of quicksilver (7)
Scrolls
 e - a scroll of vulnerability {unknown}
 l - a scroll of amnesia {unknown}
 n - a scroll of blinking {unknown}
 p - a scroll of identify {unknown}
 q - a scroll of enchant weapon {unknown}
 t - a scroll of noise {unknown}
 u - a scroll of fog {unknown}
Potions
 b - a potion of magic
 c - a potion of lignification {unknown}
 d - 3 potions of heal wounds {unknown}
 f - a potion of mutation {unknown}
 h - a potion of attraction {unknown}
 i - 2 potions of haste {unknown}
 o - a potion of brilliance {unknown}


   Skills:
 + Level 3.0 Dodging
 + Level 3.3 Stealth
 + Level 3.2 Spellcasting
 + Level 5.3 Necromancy


You had 9 spell levels left.
You knew the following spells:

 Your Spells              Type           Power      Damage    Failure   Level
a - Necrotise             Necr           80%        1d8       1%          1

Your spell library contained the following spells:

 Spells                   Type           Power      Damage    Failure   Level
 Vampiric Draining        Necr           20%        2d7       6%          3
 Magic Dart               Conj           8%         1d3       17%         1
 Animate Dead             Necr           20%        N/A       19%         4
 Blink                    Tloc           4%         N/A       26%         2
 Call Imp                 Summ           4%         N/A       26%         2
 Hailstorm                Conj/Ice       2%         3d5       45%         3
 Summon Ice Beast         Ice/Summ       2%         N/A       45%         3
 Curse of Agony           Necr           20%        N/A       47%         5
 Sculpt Simulacrum        Ice/Alch       1%         N/A       100%        6


Dungeon Overview and Level Annotations

Branches:
Dungeon (4/15)
 Temple: D:4-7

Altars:
Wu Jian

Shops:
D:3 [


Innate Abilities, Weirdness & Mutations

You regenerate magic rapidly.
Spells you cast may paralyse adjacent enemies.


Message History

Press: ? - help, Shift-Dir - straight line, f/p - hound
Aim: a hound (chance to affect: 84%)
Something writhes in agony.
Malevolent energies surge around you.
You hear some strange, mumbled words.
You are confused.
Unknown command.
You bump into the rock wall.
Something hits you but does no damage.
You bump into the rock wall.
You hear some strange, mumbled words.
A magic dart appears from out of thin air!
The magic dart hits you!
You bump into the rock wall.
You hear some strange, mumbled words.
A puff of flame appears from out of thin air!
The puff of flame hits you!
* * * LOW HITPOINT WARNING * * *
You miss something. Something hits you but does no damage. Something hits you.
* * * LOW HITPOINT WARNING * * *
Found a scroll labelled RYUTEE HUGEO.
You feel less confused.
You hear some strange, mumbled words.
Something tries to affect you, but you resist.
The hound bites you but does no damage.
Casting: Necrotise (safe; 1% risk of failure)
Confirm with . or Enter, or press ? or * to list all spells.
You don't know that spell.
The hound bites you.
* * * LOW HITPOINT WARNING * * *
Casting: Necrotise (safe; 1% risk of failure)
Confirm with . or Enter, or press ? or * to list all spells.
Aiming: Necrotise (safe; 1% risk of failure)
Press: ? - help, Shift-Dir - straight line, f/p - hound
Aim: a hound (chance to affect: 84%)
The hound barely resists.
Malevolent energies surge around you. The hound barely misses you.
Something hits you.
* * * LOW HITPOINT WARNING * * *
The hound bites you.
You die...

#.# ...##########
#.###### #..........#
#......# #..........#
#......# #.).......#
#......####....)....#
#.........#.........#
#########.#>........#
#.#..{......#
##'#.@ho.....#####
#.........##...).#
#.........######.#
#.........# ...
#.........# ....#
##+####...# .....#
#.#.# ...... ?.#.#
....## ..o..


You could see a hound and an orc.

Vanquished Creatures
  A hound (D:5)
  An iguana (D:3)
  6 gnolls
  2 adders
  2 dart slugs
  4 ribbon worms
  7 orcs
  2 ball pythons
  4 bats
  3 endoplasms
  A giant cockroach (D:2)
  3 goblins
  5 hobgoblins
  5 jackals
  4 quokkas
  A frilled lizard (D:2)
  4 kobolds (D:2)
  2 rats
57 creatures vanquished.

Vanquished Creatures (collateral kills)
  A gnoll (D:2)
  A rat (D:1)
2 creatures vanquished.

Grand Total: 59 creatures vanquished

Notes
Turn   | Place    | Note
-------+----------+-------------------------------------------
     0 | D:1      | PaiMei the Demonspawn Necromancer began the quest for the
                  | Orb.
     0 | D:1      | Reached XP level 1. HP: 13/13 MP: 3/3
   303 | D:1      | Gained mutation: Spells you cast may paralyse adjacent
                  | enemies. [demonic ancestry]
   303 | D:1      | Reached XP level 2. HP: 19/19 MP: 0/5
   786 | D:1      | Found an ornate altar of the Wu Jian Council.
  1361 | D:2      | Reached XP level 3. HP: 23/24 MP: 3/6
  1718 | D:2      | Reached XP level 4. HP: 30/30 MP: 5/7
  2302 | D:3      | Reached skill level 5 in Necromancy
  2316 | D:3      | Found Obogruot's Antique Armour Emporium.
  2486 | D:3      | Gained mutation: You regenerate magic rapidly. [demonic
                  | ancestry]
  2486 | D:3      | Reached XP level 5. HP: 35/35 MP: 6/9
  2574 | D:3      | Noticed a phantom
  2932 | D:3      | You fall into a shaft and drop 2 floors!
  2932 | D:5      | Entered Level 5 of the Dungeon
  3093 | D:5      | HP: 1/35 [something (3)]
  3093 | D:5      | Slain by a hound

Illustrated notes

Levels and vault maps discovered:
D:1:      dpeg_arrival_lava_altar, layout_rooms, serial_forest,
          infiniplex_forest_clump_diagonal, infiniplex_forest_clump_diagonal,
          infiniplex_forest_clump_small, infiniplex_forest_straight_3,
          infiniplex_forest_lined_4_way, infiniplex_forest_straight_3,
          infiniplex_forest_clump_tiny, infiniplex_forest_straight_5,
          infiniplex_forest_clump_medium, infiniplex_forest_straight_3
D:2:      layout_basic, dreamdust_mushroom_princess
D:3:      layout_loops_ring, serial_shops, shop, nicolae_diamond_shop,
          serial_park_tiny_2
D:4:      layout_layer_cave, nicolae_uskayaw_suspiria, uniq_robin
D:5:      layout_basic, minmay_temple_entry_nine_rooms, minmay_door_square,
          nrook_campfire

Skill      XL: |  1  2  3  4  5 |
---------------+----------------+-----
Stealth        | 2 3 |  3.3
Dodging        | 2 3 |  3.0
Necromancy     | 5 |  5.3
Spellcasting   | 3 |  3.2

Action                     |  1- 3 |  4- 6 || total
---------------------------+-------+-------++-------
  Melee: Whip              |    28 |       ||    28
         Unarmed           |     7 |       ||     7
         Punch             |     1 |     1 ||     2
         Mace              |    14 |    21 ||    35
   Cast: Necrotise         |    65 |    79 ||   144
   Stab: Paralysed         |     3 |     6 ||     9
         Sleeping          |     1 |     1 ||     2
 Armour: Robe              |    43 |    36 ||    79
  Dodge: Dodged            |    44 |    18 ||    62
